 Dungeon Crawl Stone Soup version 0.19-a0-1922-g1e9a4c1 (webtiles) character file.

721678 Tetramerus the Axe Maniac (level 27, -15/390 HPs)
             Began as a Minotaur Fighter on Oct 24, 2016.
             Was a High Priest of Okawaru.
             Killed from afar by Lattyod the pandemonium lord (66 damage)
             ... with a crystal spear
             ... on level 13 of a ziggurat.
             The game lasted 03:37:35 (82006 turns).

Tetramerus the Axe Maniac (Minotaur Fighter)       Turns: 82006, Time: 03:37:35

Health: -15/390    AC: 42    Str: 41    XL:     27
Magic:  32/41      EV: 24    Int: 11    God:    Okawaru [*****.]
Gold:   6031       SH: 22    Dex:  6    Spells: 9 memorised, 26 levels left

rFire  + + +     SeeInvis +     T - +8 broad axe (freeze)
rCold  + + .     Gourm    .     l - +3 gold dragon scales of Okawaru's Hope {rElec rPois rF+ rC+ Str+3 Int+2 Stlth-}
rNeg   + . .     Faith    .     S - +2 shield of Resistance {rF+ rC+ MR+}
rPois  +         Spirit   .     s - +0 mask of the Dragon {MR+ Slay+3 SInv}
rElec  +         Reflect  .     K - +2 cloak {MR+}
rCorr  +         Harm     .     r - +0 pair of gloves "Hupsiz" {rCorr Int+3}
MR     +++++                    Y - +2 pair of boots {Fly}
Stlth  ..........               I - amulet of regeneration
                                n - ring "Awoju" {rF++ rN+}
                                J - ring of Shaolin {EV+8}

@: berserking, heroism, very slightly contaminated, hasted and slowed, silenced,
drained
A: retaliatory headbutt, horns 2, thin metallic scales 1, clumsy 2, screaming 1,
subdued magic 1
a: Renounce Religion, Evoke Flight
}: 3/15 runes: decaying, serpentine, silver


You were on level 13 of a ziggurat.
You worshipped Okawaru.
Okawaru was extremely pleased with you.
You were full.

You visited 11 branches of the dungeon, and saw 53 of its levels.
You visited 1 ziggurat, and saw 13 of its levels.
You also visited: Trove, Volcano and Desolation.

You collected 9868 gold pieces.
You spent 3837 gold pieces at shops.

Inventory:

Hand Weapons
 a - the +8 frozen axe "Frostbite" {freezing cloud, *Noise +Fly rC+}
   (You found it on level 10 of a ziggurat)

   It has been specially enchanted to freeze those struck by it, causing extra
   injury to most foes and up to half again as much damage against particularly
   susceptible opponents.
   It can also slow down cold-blooded creatures.
   It protects you from cold.
   It lets you fly.
   It may make noises in combat.
 y - a +5 broad axe of electrocution
 T - a +8 broad axe of freezing (weapon)
Armour
 l - the +3 gold dragon scales of Okawaru's Hope (worn) {rElec rPois rF+ rC+ Str+3 Int+2 Stlth-}
   (Okawaru gifted it to you on level 5 of the Vaults)

   It affects your strength (+3).
   It affects your intelligence (+2).
   It protects you from fire.
   It protects you from cold.
   It insulates you from electricity.
   It protects you from poison.
   It makes you less stealthy.
 m - the +15 Maxwell's patent armour {-Cast -Tele rElec MR+ rCorr}
   (You found it on level 10 of a ziggurat)

   It insulates you from electricity.
   It affects your resistance to hostile enchantments.
   It prevents spellcasting.
   It prevents most forms of teleportation.
   It protects you from acid and corrosion.
 o - the -1 pair of gloves "Varhet" {rC++ Int+5}
   (Okawaru gifted it to you on level 4 of the Snake Pit)

   It affects your intelligence (+5).
   It greatly protects you from cold.
 r - the +0 pair of gloves "Hupsiz" (worn) {rCorr Int+3}
   (You acquired it on level 11 of a ziggurat)

   It affects your intelligence (+3).
   It protects you from acid and corrosion.
 s - the +0 mask of the Dragon (worn) {MR+ Slay+3 SInv}
   (You found it in the Desolation of Salt)

   It affects your accuracy and damage with ranged weapons and melee attacks
   (+3).
   It affects your resistance to hostile enchantments.
   It lets you see invisible.
 K - a +2 cloak of magic resistance (worn)
 S - the +2 shield of Resistance (worn) {rF+ rC+ MR+}
   (You found it on level 3 of the Elven Halls)

   It protects you from fire.
   It protects you from cold.
   It affects your resistance to hostile enchantments.
 Y - a +2 pair of boots of flying (worn)
Jewellery
 n - the ring "Awoju" (right hand) {rF++ rN+}
   (You found it in the Desolation of Salt)

   [ring of positive energy]

   It greatly protects you from fire.
   It protects you from negative energy.
 I - an amulet of regeneration (around neck)
 J - the ring of Shaolin (left hand) {EV+8}
   (You found it on level 4 of the Depths)

   [ring of evasion]

   It affects your evasion (+8).
Wands
 e - a wand of digging (13/24)
 E - a wand of disintegration (3/24)
Scrolls
 b - 6 scrolls of fog
 d - 5 scrolls of magic mapping
 g - 7 scrolls of fear
 j - 11 scrolls of identify
 v - a scroll of silence
 z - 14 scrolls of teleportation
 A - 5 scrolls of recharging
 B - 2 scrolls of summoning
 N - 11 scrolls of immolation
 Q - 5 scrolls of blinking
 W - 37 scrolls of remove curse
Potions
 h - 2 potions of brilliance
 k - 20 potions of curing
 p - 2 potions of berserk rage
 q - a potion of flight
 t - a potion of cure mutation
 u - 3 potions of magic
 L - 2 potions of heal wounds
 M - 4 potions of haste
 O - 3 potions of cancellation
 U - 3 potions of ambrosia
Miscellaneous
 G - 2 phantom mirrors
Comestibles
 c - 2 royal jellies
 f - 27 bread rations
 F - 25 meat rations


   Skills:
 + Level 23.8(26.8) Fighting
 O Level 27(26.8) Axes
 + Level 24.2(26.8) Armour
 + Level 23.8(26.8) Dodging
 + Level 24.4(26.8) Shields
 + Level 15.5(15.3) Spellcasting
 - Level 6.6(6.4) Invocations
 - Level 6.0(5.8) Evocations


You had 26 spell levels left.
You knew the following spells:

 Your Spells              Type           Power        Failure   Level  Hunger
a - Regeneration          Chrm/Necr      #.........   80%         3    None
b - Song of Slaying       Chrm           #.......     38%         2    None
c - Shroud of Golubria    Chrm/Tloc      #.........   38%         2    None
d - Apportation           Tloc           #.........   26%         1    None
e - Passwall              Tmut/Erth      #.........   38%         2    None
f - Ring of Flames        Chrm/Fire      #.........   100%        7    #######
g - Passage of Golubria   Tloc           N/A          100%        4    ###....
h - Repel Missiles        Chrm/Air       #.....       38%         2    None
i - Necromutation         Tmut/Necr      #.........   100%        8    #######


Dungeon Overview and Level Annotations

Branches:
Dungeon (15/15)            Temple (1/1) D:5            Lair (6/6) D:8
  Swamp (4/4) Lair:2        Snake (4/4) Lair:4        Slime (0/5) Lair:6
    Orc (2/2) D:11            Elf (3/3) Orc:2        Vaults (5/5) D:13
  Crypt (3/3) Vaults:3       Tomb (0/3) Crypt:3      Depths (5/5) D:15
    Zot (5/5) Depths:5

Altars:
Ashenzari
Cheibriados
Dithmenos
Elyvilon
Fedhas
Gozag
Hepliaklqana
Kikubaaqudgha
Makhleb
Nemelex Xobeh
Okawaru
Qazlal
Ru
Sif Muna
Trog
Uskayaw
Vehumet
Xom
Yredelemnul
Zin
The Shining One
Jiyva
Lugonu

Shops:
D:6 *   Orc:1 }   Orc:2 ([?[   Elf:2 !   Snake:3 [   Snake:4 }   Vaults:1 (
Depths:1 *%   Depths:3 (([

Portals:
Hell: Depths:1 Depths:2 Depths:3 Depths:4 Depths:5
Abyss: Depths:3 Depths:4
Pandemonium: Depths:3


Innate Abilities, Weirdness & Mutations

You reflexively headbutt those who attack you in melee.
You have a pair of horns on your head.
You are partially covered in thin metallic scales. (AC +2)
You occasionally shout uncontrollably at your foes.
Your spells are a little easier to cast, but a little less powerful.
[You are very clumsy. (Dex -4)]


Message History

Lattyod's surroundings become eerily quiet.
You completely miss Lattyod.
Lattyod is heavily wounded.
You barely miss the ancient champion.
The Executioner is lost in a daze.
The blizzard demon is lost in a daze. x2
The infernal corrupter hits you but does no damage.
Lattyod completely misses you.
Unknown command.
You barely miss Lattyod.
Lattyod is heavily wounded.
You slash the ancient champion! You freeze the ancient champion.
You slash the ghost moth! You freeze the ghost moth.
The Executioner gestures.
The ghost moth barely misses you. You block the ghost moth's attack.
The ghost moth stings you but does no damage.
The ancient champion hits you but does no damage.
You partially resist.
You feel drained. Lattyod gestures at you. The crystal spear hits you!
You die...

▓.........▓ ▓.........▓
▓▓▓▓▓▓▓▓.........▓▓▓▓▓▓▓
▓.......................
▓.................MM.})?
▓.................14.}:=
▓..........#.#..&z22N2)∩
▓∩.............(@.613[%>
▓..........#.#...y66s})∩
▓................1w2./))
▓..................6s":)
▓.................6.....
▓▓▓▓▓▓▓▓.........▓▓▓▓▓▓▓
▓.........▓ ▓.........▓


You could see Lattyod (dazed), a Hell Sentinel (dazed), 2 emperor scorpions, a
Tzitzimitl (dazed), a cacodemon (dazed), a gelid warmonger (dazed), a nagaraja,
a balrug (dazed), a ghost moth (invisible), an ancient champion, 3 demonspawn,
an Executioner (dazed), 2 blizzard demons, 2 mummy priests, a soul eater
(dazed), a torpor snail, a torturous demonspawn (dazed) and a hellwing (dazed).

Vanquished Creatures
  A pandemonium lord (Zig:6)
  4 orbs of fire (Zot:5)
  A juggernaut (Depths:5)
  6 ancient liches
  Boris (twice) (Depths:5 Crypt:1)
  Bai Suzhen (Crypt:3)
  Margery (Depths:4)
  3 Killer Klowns
  3 bone dragons
  The ghost of Vuhuu the Impregnable, a veteran FoFi of the Shining One (Vaults:3)
  the Enchantress (Depths:3)
  6 golden dragons
  A profane servitor (Zig:8)
  7 electric golems
  2 Tzitzimimeh (Zig:13)
  5 liches
  The ghost of onono the Unseen, a veteran SpEn of Dithmenos (Zot:5)
  Rupert (D:13)
  13 tentacled monstrosities
  25 Orb Guardians (Zot:5)
  2 deep elf master archers (Elf:3)
  7 titans
  A deep elf blademaster (Elf:2)
  5 quicksilver dragons
  12 death cobs
  5 sphinxes
  12 shadow dragons
  18 storm dragons
  10 ancient champions
  Roxanne (Snake:2)
  9 draconian monks
  3 thorn hunters
  4 revenants
  The ghost of TugoseryaHuesosov the Stickfighter, an adept MiGl of Okawaru (Depths:2)
  7 nagarajas
  4 tengu reavers
  Donald (Snake:1)
  The ghost of bezhaha the Fetichist, a journeyman DrAr of Nemelex Xobeh (D:15)
  The ghost of WhatIsLove the Wallflower, an adept VSGl of Uskayaw (Snake:4)
  An orc warlord (Orc:2)
  6 ghost moths
  5 fire giants
  18 vault wardens
  9 draconian knights
  2 iron dragons
  11 draconian scorchers
  7 frost giants
  11 deep elf sorcerers
  2 imperial myrmidons (Desolation)
  A warmonger (Zig:6)
  9 deep elf elementalists
  7 draconian shifters
  4 angels
  Aizul (Snake:1)
  5 curse skulls
  A cacodemon (Zig:13)
  2 juggernaut zombies
  7 draconian annihilators
  10 ghouls
  32 very ugly things
  2 blood saints (Zig:6)
  13 draconian zealots
  4 war gargoyles
  5 reapers
  4 spriggan defenders
  7 draconian callers
  19 ironheart preservers
  5 entropy weavers
  15 stone giants
  Nessos (D:15)
  2 apis (Zig:5)
  16 deep elf annihilators
  6 vampire knights
  9 green draconians
  2 halazid warlocks (Desolation)
  4 dire elephants (Lair:6)
  12 deep elf demonologists
  15 mottled draconians
  9 white draconians
  9 purple draconians
  13 spark wasps
  15 yellow draconians
  12 red draconians
  3 black draconians
  11 deep elf death magi
  3 jiangshi
  A blizzard demon (Zig:6)
  5 eidola
  9 ettins
  3 crystal guardians
  3 green deaths
  11 fire dragons
  7 deep elf high priests
  A great orb of eyes (shapeshifter) (Vaults:5)
  10 great orbs of eyes
  4 ragged hierophants (Desolation)
  36 vault guards
  11 ice dragons
  21 yaktaur captains
  14 peacekeepers (Desolation)
  14 naga warriors
  4 servants of whispers (Desolation)
  19 hydras
  A death knight (Crypt:2)
  19 anacondas
  6 rakshasas
  A ghost crab (Swamp:3)
  12 centaur warriors
  3 spriggan air magi
  34 dancing weapons
  An anaconda (shapeshifter) (Depths:4)
  6 tengu warriors
  9 vampire magi
  9 alligators
  Urug (Orc:1)
  A spectral elf (Zig:11)
  7 spriggan berserkers
  18 deep troll shamans
  18 ogre magi
  7 deep troll earth magi
  20 shock serpents
  Nergalle (Orc:1)
  A shock serpent (shapeshifter) (Elf:3)
  8 soul eaters
  8 naga sharpshooters
  41 skeletal warriors
  A sixfirhy (Zig:13)
  19 deep elf knights
  4 salamander mystics
  A fire crab (shapeshifter) (Depths:1)
  4 spriggan druids
  4 hell knights (Depths:4)
  11 shadow wraiths
  2 titan skeletons (Crypt:3)
  The ghost of TugoseryaHuesosov the Cleaver, a novice HOGl of Uskayaw (D:9)
  6 iron trolls
  5 flayed ghosts
  4 wizards
  33 deep trolls
  A spark wasp zombie (Crypt:2)
  22 deep elf archers
  5 unseen horrors
  An unseen horror (shapeshifter) (Vaults:4)
  An entropy weaver zombie (Crypt:3)
  2 cherubim (Zig:5)
  An anaconda zombie (Crypt:1)
  A sphinx zombie (Crypt:1)
  2 tengu zombies (Zig:9)
  6 naga ritualists
  3 shambling mangroves
  23 ironbrand convokers
  5 lindwurms
  12 orc knights
  79 deep elf magi
  5 necromancers
  2 golden dragon skeletons
  9 swamp dragons
  8 phantasmal warriors
  An anaconda skeleton (Crypt:3)
  9 hill giants
  A wolf spider zombie (D:14)
  8 orc sorcerers
  19 mana vipers
  A shadow dragon zombie (Zig:9)
  A shadow dragon skeleton (Crypt:1)
  2 oklob plants (Swamp:2)
  4 wolf spiders
  4 manticores
  A tengu skeleton (Vaults:4)
  4 cyclopes
  2 orb spiders (shapeshifter)
  57 ugly things
  3 frost giant zombies
  A moth of wrath (shapeshifter) (Depths:1)
  2 fire giant skeletons
  15 salamanders
  32 moths of wrath
  An iron dragon skeleton (Zig:10)
  3 rust devils (Zig:9)
  18 elephants
  Maurice (D:9)
  An elephant (shapeshifter) (Vaults:5)
  15 guardian serpents
  2 stone giant skeletons
  3 frost giant skeletons (Crypt:3)
  30 naga magi
  Joseph (D:8)
  A dire elephant skeleton (Crypt:3)
  2 molten gargoyles (Lair:5)
  A spriggan zombie (Zig:10)
  11 vault sentinels
  5 spectral swamp worms (Depths:5)
  21 spiny frogs
  47 black mambas
  A storm dragon simulacrum (Vaults:2)
  2 gargoyles
  3 orange demons (Swamp:4)
  A shock serpent skeleton (Crypt:3)
  2 hellions (Zig:10)
  A tormentor (Zig:9)
  A yaktaur zombie (Vaults:2)
  A yaktaur (shapeshifter) (Vaults:5)
  46 yaktaurs
  An efreet (Volcano)
  A redback zombie (Crypt:1)
  3 kobold demonologists (D:15)
  8 rime drakes
  7 komodo dragons
  12 freezing wraiths
  3 red devils
  2 human skeletons
  35 two-headed ogres
  7 trolls
  A guardian mummy (Crypt:3)
  6 tyrant leeches
  3 jumping spiders
  2 tengu conjurers (Depths:5)
  A jumping spider (shapeshifter) (Depths:3)
  13 hornets
  A merfolk (shapeshifter) (Vaults:5)
  23 blink frogs
  A minotaur skeleton (Crypt:3)
  4 polar bears
  A harpy skeleton (Crypt:1)
  3 raiju (Zig:12)
  52 saltlings (Desolation)
  2 hydra skeletons (Crypt:3)
  10 bog bodies
  An ettin zombie (Vaults:4)
  2 hippogriffs (shapeshifter)
  14 dream sheep
  33 slime creatures
  12 hippogriffs
  A spriggan (shapeshifter) (Vaults:2)
  A tarantella (Vaults:4)
  8 air elementals
  3 ice dragon skeletons
  2 ettin skeletons (Crypt:3)
  6 redbacks
  8 wraiths
  9 flying skulls (Crypt:3)
  7 spriggans
  6 shadows
  5 wyverns
  A redback (shapeshifter) (Vaults:4)
  8 fire elementals
  8 water elementals
  A basilisk (shapeshifter) (Depths:2)
  5 hungry ghosts
  Grum (Lair:1)
  A hill giant zombie (Crypt:3)
  47 yaks
  4 basilisks
  2 small abominations
  18 vampire mosquitoes
  8 large abominations
  A warg (shapeshifter) (Vaults:2)
  57 nagas
  15 swamp worms
  6 mottled dragons
  An infernal demonspawn zombie (Crypt:2)
  13 insubstantial wisps
  2 steam dragons
  9 wargs
  A naga (shapeshifter) (Depths:1)
  7 water moccasins
  A floating eye (shapeshifter) (Depths:4)
  A hell hound (Zig:9)
  A gelid demonspawn skeleton (Crypt:3)
  4 porcupines
  38 orc warriors
  7 swamp drakes
  A black bear (D:9)
  5 necrophages
  5 elf zombies
  4 ice beasts
  4 sky beasts
  68 ogres
  2 phantoms
  2 snapping turtle zombies
  9 boggarts
  A hog zombie (Crypt:2)
  15 wolves
  An eye of draining (D:14)
  10 crocodiles
  A manticore skeleton (Crypt:3)
  A torpor snail zombie (Crypt:1)
  5 centaurs
  A big kobold (shapeshifter) (Vaults:5)
  6 big kobolds
  A salamander zombie (Crypt:3)
  7 earth elementals
  14 bullfrogs
  A hell hound zombie (Crypt:2)
  A hell hound skeleton (Crypt:3)
  4 scorpions
  A jelly (D:9)
  10 killer bees
  A warg skeleton (Crypt:2)
  A troll skeleton (Crypt:3)
  6 electric eels
  14 wights
  3 howler monkeys (D:12)
  6 crimson imps
  A lava snake (Lair:3)
  A bullfrog zombie (D:13)
  6 centaur zombies
  7 hounds
  2 human simulacra (Vaults:3)
  3 centaur skeletons
  18 orc priests
  2 bullfrog skeletons
  3 iron imps
  Jessica (D:3)
  10 worker ants
  11 iguanas
  20 orc wizards
  7 hell rats (Lair:6)
  A lightning spire (Zig:12)
  2 dwarf zombies
  A deep dwarf skeleton (Crypt:1)
  A hound zombie (D:9)
  A hound skeleton (D:7)
  A hell rat zombie (Crypt:3)
  12 mummies (Crypt:3)
  13 adders
  11 gnolls
  3 shadow imps
  2 oozes
  A halfling zombie (Crypt:2)
  An adder skeleton (D:5)
  A halfling skeleton (Crypt:1)
  4 worms
  4 dart slugs
  9 leopard geckos
  A leopard gecko (shapeshifter) (Vaults:3)
  83 orcs
  3 giant cockroaches
  4 goblins
  12 hobgoblins
  4 jackals (D:6)
  7 quokkas
  A ball python (D:5)
  A ball python zombie (Crypt:2)
  11 bats
  6 frilled lizards
  A goblin skeleton (Crypt:3)
  26 kobolds
  A leopard gecko skeleton (D:4)
  A quokka skeleton (D:4)
  5 rats
  6 briar patches (Swamp:2)
  4 crawling corpses (Elf:3)
  A fire vortex (Lair:3)
  A fulminant prism (Zot:5)
  8 fungi
  7 plants
2785 creatures vanquished.

Vanquished Creatures (collateral kills)
  A black sun (Zig:11)
  2 eidola (Zig:11)
  A wraith (Zig:10)
  An elf skeleton (Zig:10)
5 creatures vanquished.

Vanquished Creatures (others)
  A golden dragon (Vaults:5)
  A Tzitzimitl (Zig:11)
  A fire giant (Vaults:5)
  2 vault wardens (Vaults:5)
  2 stone giants (Vaults:5)
  A vault guard (Vaults:5)
  A deep elf knight (Elf:2)
  2 naga ritualists (Snake:4)
  An ugly thing (Depths:5)
  2 naga magi (Snake:4)
  A black mamba (Snake:2)
  A yaktaur (Vaults:5)
  A flying skull (Zig:10)
  An orc warrior (D:14)
  An orc priest (D:14)
  14 fungi
  29 plants
62 creatures vanquished.

Grand Total: 2852 creatures vanquished

Notes
Turn   | Place    | Note
-------+----------+-------------------------------------------
     0 | D:1      | Tetramerus the Minotaur Fighter began the quest for the Orb.
     0 | D:1      | Reached XP level 1. HP: 19/19 MP: 0/0
   272 | D:1      | Reached XP level 2. HP: 23/27 MP: 1/1
   791 | D:2      | Reached XP level 3. HP: 33/33 MP: 2/2
   910 | D:2      | Reached skill level 3 in Axes
  1383 | D:2      | Reached XP level 4. HP: 40/40 MP: 3/3
  1557 | D:3      | Reached skill level 1 in Dodging
  1566 | D:3      | Reached skill level 1 in Spellcasting
  1566 | D:3      | Reached XP level 5. HP: 26/46 MP: 5/5
  2124 | D:3      | Noticed Jessica
  2126 | D:3      | Killed Jessica
  2472 | D:3      | Reached skill level 4 in Axes
  2773 | D:4      | Reached XP level 6. HP: 44/53 MP: 7/7
  2846 | D:4      | Reached skill level 5 in Shields
  3058 | D:4      | Reached skill level 5 in Armour
  3062 | D:4      | Reached skill level 5 in Fighting
  3066 | D:4      | Reached XP level 7. HP: 54/61 MP: 8/8
  3190 | D:5      | Entered Level 5 of the Dungeon
  3218 | D:5      | Found a sacrificial altar of Ru.
  3384 | D:5      | Reached skill level 5 in Axes
  3652 | D:5      | Found a staircase to the Ecumenical Temple.
  3665 | Temple   | Entered the Ecumenical Temple
  3757 | Temple   | Became a worshipper of Warmaster Okawaru
  3944 | D:5      | Noticed a hippogriff
  3951 | D:5      | Killed a hippogriff
  4139 | D:5      | Found a hide-covered altar of Uskayaw.
  4215 | D:6      | Found Solaahuh's Assorted Antiques.
  4234 | D:6      | Bought a scroll labeled GEISES FAYPN for 27 gold pieces
  4234 | D:6      | Bought a scroll of identify for 54 gold pieces
  4234 | D:6      | Bought a sedimented emerald potion for 24 gold pieces
  4234 | D:6      | Bought a scroll of identify for 54 gold pieces
  4282 | D:6      | Reached skill level 6 in Axes
  4282 | D:6      | Reached XP level 8. HP: 69/70 MP: 10/10
  4532 | D:6      | Reached * piety under Okawaru
  4869 | D:6      | Found a faded altar of an unknown god.
  4869 | D:6      | Found a faded altar of an unknown god.
  4874 | D:6      | Found a faded altar of an unknown god.
  4876 | D:6      | Found a faded altar of an unknown god.
  4878 | D:6      | Found a blossoming altar of Fedhas.
  5021 | D:7      | Reached skill level 7 in Axes
  5090 | D:7      | Reached ** piety under Okawaru
  5147 | D:7      | Found a shattered altar of Ashenzari.
  5292 | D:7      | Reached XP level 9. HP: 41/78 MP: 12/12
  5614 | D:7      | Found a snail-covered altar of Cheibriados.
  5748 | D:8      | Found a staircase to the Lair.
  5755 | D:8      | Reached skill level 8 in Axes
  5756 | D:8      | Reached skill level 5 in Dodging
  6032 | D:8      | Noticed Joseph
  6051 | D:8      | Killed Joseph
  6118 | D:8      | Reached *** piety under Okawaru
  6574 | D:8      | Reached skill level 9 in Axes
  6833 | D:8      | Found a stormy altar of Qazlal.
  6844 | D:8      | Found a burning altar of Makhleb.
  7014 | D:9      | Noticed Maurice
  7281 | D:9      | Reached XP level 10. HP: 70/88 MP: 14/14
  7509 | D:9      | Killed Maurice
  7509 | D:9      | Reached **** piety under Okawaru
  7579 | D:9      | Found a glowing silver altar of Zin.
  7619 | D:9      | Noticed TugoseryaHuesosov's ghost (novice HOGl)
  7628 | D:9      | Killed TugoseryaHuesosov's ghost
  7880 | D:9      | Reached skill level 10 in Axes
  8147 | D:10     | Entered Level 10 of the Dungeon
  8169 | D:10     | Noticed a hill giant
  8174 | D:10     | Noticed a hill giant
  8181 | D:10     | Killed a hill giant
  8181 | D:10     | Reached ***** piety under Okawaru
  8183 | D:10     | Killed a hill giant
  8351 | D:10     | Noticed a hill giant
  8361 | D:10     | Killed a hill giant
  8361 | D:10     | Reached XP level 11. HP: 94/95 MP: 16/16
  8859 | Lair:1   | Entered Level 1 of the Lair of Beasts
  8892 | Lair:1   | Noticed an eight-headed hydra
  8904 | Lair:1   | Killed an eight-headed hydra
  8904 | Lair:1   | Received a gift from Okawaru
  9565 | Lair:1   | Reached skill level 11 in Axes
  9984 | Lair:1   | Noticed Grum
 10000 | Lair:1   | Killed Grum
 10350 | Lair:1   | Received a gift from Okawaru
 11540 | Lair:2   | Reached skill level 12 in Axes
 11584 | Lair:2   | Reached skill level 10 in Shields
 11623 | Lair:2   | Reached skill level 5 in Spellcasting
 11624 | Lair:2   | Reached skill level 10 in Fighting
 11628 | Lair:2   | Reached skill level 10 in Armour
 11628 | Lair:2   | Reached XP level 12. HP: 87/106 MP: 18/18
 11953 | Lair:2   | Found a staircase to the Swamp.
 11956 | Lair:2   | Noticed a four-headed hydra
 11966 | Lair:2   | Killed a five-headed hydra
 12213 | Lair:3   | Reached ****** piety under Okawaru
 12213 | Lair:3   | Received a gift from Okawaru
 12518 | Lair:3   | Reached skill level 1 in Invocations
 13040 | Lair:4   | Found a dark tunnel.
 13045 | Volcano  | Entered a volcano
 13181 | Volcano  | Reached skill level 1 in Evocations
 13444 | Lair:4   | Reached skill level 13 in Axes
 13465 | Lair:4   | Noticed a five-headed hydra
 13473 | Lair:4   | Killed a one-headed hydra
 13786 | Lair:4   | Found a staircase to the Snake Pit.
 14423 | Lair:4   | Identified a scroll of acquirement
 14426 | Lair:4   | Got a polished broad axe
 14427 | Lair:4   | Identified the +2 broad axe of Hepliaklqana's Hope {chop, +Rage rC+ Dex-2} (You acquired it on level 4 of the Lair of Beasts)
 14525 | Lair:5   | Noticed a five-headed hydra
 14536 | Lair:5   | Killed a one-headed hydra
 14658 | Lair:5   | Identified the Handbook of the Cloudy Frostbite
 14975 | Lair:5   | Reached XP level 13. HP: 103/114 MP: 20/20
 15738 | Lair:6   | Entered Level 6 of the Lair of Beasts
 15756 | Lair:6   | Received a gift from Okawaru
 16543 | Lair:6   | Received a gift from Okawaru
 16543 | Lair:6   | Reached skill level 14 in Axes
 17185 | Lair:6   | Received a gift from Okawaru
 17299 | Lair:6   | Learned a level 3 spell: Regeneration
 17302 | Lair:6   | Learned a level 2 spell: Song of Slaying
 17305 | Lair:6   | Learned a level 2 spell: Shroud of Golubria
 17330 | Lair:6   | Found a staircase to the Slime Pits.
 17330 | Lair:6   | Found a viscous altar of Jiyva.
 18243 | Lair:6   | Noticed a dire elephant
 18245 | Lair:6   | Noticed a dire elephant
 18266 | Lair:6   | Killed a dire elephant
 18270 | Lair:6   | Killed a dire elephant
 18272 | Lair:6   | Noticed a dire elephant
 18272 | Lair:6   | Noticed a dire elephant
 18483 | Lair:6   | Killed a dire elephant
 18483 | Lair:6   | Reached XP level 14. HP: 52/124 MP: 22/22
 18913 | Lair:6   | Learned a level 1 spell: Apportation
 19942 | D:11     | Found a staircase to the Orcish Mines.
 20349 | D:12     | Gained mutation: You are somewhat resistant to further mutation. [potion of beneficial mutation]
 20350 | D:12     | Gained mutation: You have large cloven feet. [potion of beneficial mutation]
 20581 | D:12     | Reached skill level 5 in Invocations
 21191 | D:13     | Reached skill level 10 in Dodging
 21330 | D:13     | Received a gift from Okawaru
 21497 | D:13     | Reached skill level 15 in Axes
 21601 | D:13     | Found a gate to the Vaults.
 21788 | D:13     | Found an iron altar of Okawaru.
 22025 | D:13     | Noticed Rupert
 22046 | D:13     | Killed Rupert
 22046 | D:13     | Reached skill level 5 in Evocations
 22403 | D:14     | Found a stormy altar of Qazlal.
 23221 | D:14     | Received a gift from Okawaru
 23291 | D:15     | Entered Level 15 of the Dungeon
 23559 | D:15     | Reached XP level 15. HP: 132/132 MP: 24/24
 23721 | D:15     | Noticed Nessos
 23727 | D:15     | Noticed bezhaha's ghost (journeyman DrAr)
 23731 | D:15     | Killed Nessos
 23779 | D:15     | Killed bezhaha's ghost
 24772 | D:15     | Received a gift from Okawaru
 24788 | D:15     | Found a blossoming altar of Fedhas.
 24960 | D:15     | Found a staircase to the Depths.
 24960 | D:15     | Noticed a frost giant
 24968 | D:15     | Killed a frost giant
 24968 | D:15     | Reached skill level 16 in Axes
 25336 | Orc:1    | Entered Level 1 of the Orcish Mines
 25336 | Orc:1    | Noticed Nergalle
 25338 | Orc:1    | Noticed Urug
 25345 | Orc:1    | Killed Nergalle
 25352 | Orc:1    | Killed Urug
 25458 | Orc:1    | Found Binoidue's Gadget Boutique.
 26285 | Orc:2    | Entered Level 2 of the Orcish Mines
 26557 | Orc:2    | Received a gift from Okawaru
 26585 | Orc:2    | Noticed an orc warlord
 26613 | Orc:2    | Killed an orc warlord
 27091 | Orc:2    | Found a staircase to the Elven Halls.
 27261 | Orc:2    | Found Zufayri's Weapon Shop.
 27262 | Orc:2    | Found Zumeoliwy's Magic Scroll Shoppe.
 27262 | Orc:2    | Found Dyfoggia's Antique Armour Boutique.
 27262 | Orc:2    | Found Ideimiad's Armour Shoppe.
 27282 | Orc:2    | Received a gift from Okawaru
 27451 | Orc:2    | Bought a transparent plate armour for 896 gold pieces
 27461 | Orc:2    | Identified the +9 plate armour "Jurrey" {*Contam +Inv MR++} (You bought it in a shop on level 2 of the Orcish Mines)
 27465 | Orc:2    | Bought a scroll of enchant weapon for 105 gold pieces
 27465 | Orc:2    | Bought a scroll of enchant weapon for 105 gold pieces
 27650 | Orc:2    | Got a faintly glowing battleaxe {god gift}
 27656 | Orc:2    | Identified the +9 battleaxe "Tiehar" {protect, rPois rN+ Str-3 SInv} (Okawaru gifted it to you on level 2 of the Orcish Mines)
 27840 | Swamp:1  | Entered Level 1 of the Swamp
 27850 | Swamp:1  | Reached XP level 16. HP: 120/141 MP: 26/26
 28890 | Swamp:1  | Reached skill level 17 in Axes
 29408 | Swamp:2  | Received a gift from Okawaru
 30209 | Swamp:2  | Noticed a thorn hunter
 30220 | Swamp:2  | Killed a thorn hunter
 30225 | Swamp:2  | Noticed a thorn hunter
 30241 | Swamp:2  | Killed a thorn hunter
 30940 | Swamp:3  | Learned a level 2 spell: Passwall
 30943 | Swamp:3  | Found a sacrificial altar of Ru.
 31069 | Swamp:3  | Noticed a thorn hunter
 31087 | Swamp:3  | Killed a thorn hunter
 31912 | Swamp:4  | Entered Level 4 of the Swamp
 32073 | Swamp:3  | Got a dazzling plate armour
 32084 | Swamp:3  | Identified the +1 plate armour of Jomux {rPois rF+ rC+ Int+4} (You acquired it on level 3 of the Swamp)
 32120 | Swamp:3  | Gained mutation: You are dopey. (Int -2) [mutagenic glow]
 32859 | Swamp:4  | Received a gift from Okawaru
 32864 | Swamp:4  | Noticed a tentacled monstrosity
 32892 | Swamp:4  | Killed a tentacled monstrosity
 32903 | Swamp:4  | Reached skill level 18 in Axes
 32903 | Swamp:4  | Reached XP level 17. HP: 103/151 MP: 23/28
 34123 | Swamp:4  | Got a decaying rune of Zot
 34427 | Snake:1  | Entered Level 1 of the Snake Pit
 34595 | Snake:1  | Found a frozen archway.
 34947 | Snake:1  | Noticed Donald
 34966 | Snake:1  | Killed Donald
 35431 | Snake:1  | Noticed Aizul
 35447 | Snake:1  | Killed Aizul
 35447 | Snake:1  | Received a gift from Okawaru
 35993 | Snake:1  | Reached skill level 15 in Dodging
 36221 | Snake:2  | Noticed Roxanne
 36236 | Snake:2  | Killed Roxanne
 38434 | Snake:2  | Lost mutation: You are dopey. (Int -2) [potion of cure mutation]
 38434 | Snake:2  | Lost mutation: You are somewhat resistant to further mutation. [potion of cure mutation]
 38717 | Snake:2  | Received a gift from Okawaru
 38748 | Snake:2  | Got an iridescent executioner's axe {god gift}
 38749 | Snake:2  | Identified the +8 executioner's axe "Cecsemox" {chop, rC+} (Okawaru gifted it to you on level 2 of the Snake Pit)
 38997 | Snake:2  | Reached skill level 19 in Axes
 39075 | Snake:3  | Found Kaqyom's Armour Shoppe.
 39394 | Snake:3  | Reached XP level 18. HP: 113/161 MP: 29/29
 39604 | Snake:3  | Reached skill level 15 in Shields
 39610 | Snake:3  | Reached skill level 15 in Armour
 40671 | Snake:3  | Received a gift from Okawaru
 40689 | Snake:4  | Entered Level 4 of the Snake Pit
 40709 | Snake:4  | Found Dole's Gadget Shoppe.
 40818 | Snake:4  | Noticed WhatIsLove's ghost (adept VSGl)
 40825 | Snake:4  | Killed WhatIsLove's ghost
 42264 | Snake:4  | Received a gift from Okawaru
 42437 | Snake:4  | Got a pair of steaming gloves {god gift}
 42454 | Snake:4  | Identified the -1 pair of gloves "Varhet" {rC++ Int+5} (Okawaru gifted it to you on level 4 of the Snake Pit)
 43100 | Snake:4  | Reached skill level 15 in Fighting
 44327 | Snake:4  | Reached skill level 20 in Axes
 45141 | Snake:4  | Reached XP level 19. HP: 49/170 MP: 31/31
 45518 | Snake:4  | Got a serpentine rune of Zot
 46214 | Vaults:1 | Entered Level 1 of the Vaults
 46260 | Vaults:1 | Received a gift from Okawaru
 47197 | Vaults:1 | Found Ohoess's Weapon Emporium.
 47830 | Vaults:2 | Received a gift from Okawaru
 48815 | Vaults:2 | Reached skill level 21 in Axes
 49087 | Vaults:2 | Received a gift from Okawaru
 49463 | Vaults:3 | Reached XP level 20. HP: 160/180 MP: 32/32
 49607 | Vaults:3 | Noticed Vuhuu's ghost (veteran FoFi)
 49619 | Vaults:3 | Killed Vuhuu's ghost
 50142 | Vaults:3 | Noticed a bone dragon
 50152 | Vaults:3 | Killed a bone dragon
 50152 | Vaults:3 | Reached skill level 10 in Spellcasting
 50153 | Vaults:3 | Found a staircase to the Crypt.
 50592 | Vaults:3 | Found a portal to a secret trove of treasure.
 50690 | Vaults:3 | You paid a toll of a wand of heal wounds (9) to enter a treasure trove
 50691 | Trove    | Entered a treasure trove
 50706 | Trove    | Got an ichor-stained war axe
 50744 | Trove    | Gained mutation: You are partially covered in thin metallic scales. (AC +2) [mutagenic glow]
 50753 | Trove    | Identified the +8 war axe of Goozxod {elec, rPois rN+ MP+9 Str+2} (You found it in a treasure trove)
 50987 | Vaults:3 | Received a gift from Okawaru
 51154 | Vaults:3 | Got a smoking scale mail
 51155 | Vaults:3 | Identified the cursed +1 scale mail "Taibuapn" {rC+ Regen+} (You found it on level 3 of the Vaults)
 52181 | Vaults:4 | Reached skill level 22 in Axes
 52189 | Vaults:4 | Received a gift from Okawaru
 52822 | Vaults:5 | Entered Level 5 of the Vaults
 52830 | Vaults:5 | Reached XP level 21. HP: 157/190 MP: 34/34
 52849 | Vaults:5 | Noticed a golden dragon
 52849 | Vaults:5 | Received a gift from Okawaru
 53270 | Vaults:5 | Killed a golden dragon
 53355 | Vaults:5 | Got a silver rune of Zot
 53453 | Vaults:5 | Received a gift from Okawaru
 53456 | Vaults:5 | Got ruby-studded gold dragon scales {god gift}
 53467 | Vaults:5 | Identified the +3 gold dragon scales of Okawaru's Hope {rElec rPois rF+ rC+ Str+3 Int+2 Stlth-} (Okawaru gifted it to you on level 5 of the Vaults)
 53482 | Vaults:5 | Gained mutation: You are dopey. (Int -2) [mutagenic glow]
 54031 | Vaults:5 | Identified the Papyrus of Air and Transformation
 54224 | Vaults:5 | Noticed a golden dragon
 54255 | Vaults:5 | Killed a golden dragon
 54442 | Vaults:5 | Noticed a golden dragon
 54943 | Vaults:5 | Reached skill level 23 in Axes
 55187 | Vaults:5 | Identified Sif Muna's Incunabulum of Unstable Envenoming
 55474 | Vaults:5 | Killed a golden dragon
 55474 | Vaults:5 | Reached XP level 22. HP: 184/200 MP: 36/36
 55595 | Vaults:5 | Identified the Grimoire of the Blaze and Cold
 55606 | Vaults:5 | Learned a level 7 spell: Ring of Flames
 55636 | Vaults:5 | Received a gift from Okawaru
 55824 | Vaults:5 | Got a pair of bloodstained boots
 55835 | Vaults:5 | Identified the +2 pair of boots "Yrietas" {*Slow rPois SInv} (You acquired it on level 5 of the Vaults)
 55915 | Vaults:5 | Identified the Disquisition on Boosting Orientation
 55922 | Vaults:5 | Learned a level 4 spell: Passage of Golubria
 56463 | Depths:1 | Entered Level 1 of the Depths
 56772 | Depths:1 | Paralysed by a lich for 7 turns
 57850 | Depths:1 | Found a gateway to Hell.
 58124 | Depths:1 | Found Evept's Food Boutique.
 58131 | Depths:1 | Found Ciguv's Assorted Antiques.
 58139 | Depths:1 | Bought a scroll of summoning for 247 gold pieces
 58139 | Depths:1 | Bought a scroll labeled DASACZ FORE for 26 gold pieces
 58139 | Depths:1 | Bought a scroll of enchant armour for 195 gold pieces
 58139 | Depths:1 | Bought a scroll of identify for 52 gold pieces
 58606 | Depths:2 | Noticed TugoseryaHuesosov's ghost (adept MiGl)
 58633 | Depths:2 | Killed TugoseryaHuesosov's ghost
 58682 | Depths:2 | Received a gift from Okawaru
 59053 | Depths:2 | Found an opulent altar of Gozag.
 59493 | Depths:3 | Found a gateway to a ziggurat.
 59504 | Depths:3 | Reached skill level 24 in Axes
 59508 | Depths:3 | Found Gozag's Antique Armour Emporium.
 59552 | Depths:3 | Found a corrupted altar of Lugonu.
 59558 | Depths:3 | Found a one-way gate to the infinite horrors of the Abyss.
 59593 | Depths:3 | Found an opulent altar of Gozag.
 59593 | Depths:3 | Found Gozag's Antique Weapon Shoppe.
 59593 | Depths:3 | Noticed a golden dragon
 59615 | Depths:3 | Found Gozag's Antique Weapon Shoppe.
 59627 | Depths:3 | Killed a golden dragon
 59701 | Depths:3 | Bought a bloodstained broad axe for 900 gold pieces
 59701 | Depths:3 | Identified the +10 broad axe of Xogadaw {protect, rF- Int+3} (You bought it in a shop on level 3 of the Depths)
 59878 | Depths:3 | Found a one-way gate leading to the halls of Pandemonium.
 59964 | Depths:3 | Noticed the Enchantress
 59989 | Depths:3 | Reached XP level 23. HP: 186/209 MP: 32/37
 59996 | Depths:3 | Killed the Enchantress
 60003 | Depths:3 | Received a gift from Okawaru
 60796 | Depths:4 | Noticed Margery
 60810 | Depths:4 | Killed Margery
 60900 | Depths:4 | Paralysed by a floating eye for 2 turns
 61471 | Depths:4 | Received a gift from Okawaru
 61919 | Depths:4 | Identified Sif Muna's Handbook of Rubbish
 61942 | Depths:4 | Got a coiled bronze ring
 61943 | Depths:4 | Identified the ring of Qiysch {rPois SInv} (You found it on level 4 of the Depths)
 61950 | Depths:4 | Got a crude iron ring
 61951 | Depths:4 | Identified the ring of Foupnul {MR+ Str+2 Dex+3} (You found it on level 4 of the Depths)
 62064 | Depths:5 | Entered Level 5 of the Depths
 62064 | Depths:5 | Noticed Boris
 62103 | Depths:5 | Killed Boris
 62103 | Depths:5 | Received a gift from Okawaru
 62244 | Depths:5 | Identified the Handbook of Lucky Stones
 62250 | Depths:5 | Learned a level 2 spell: Repel Missiles
 62381 | Depths:5 | Reached skill level 25 in Axes
 62678 | Depths:5 | Reached XP level 24. HP: 196/220 MP: 38/38
 62686 | Depths:5 | Found a gate to the Realm of Zot.
 62978 | Depths:5 | Noticed a juggernaut
 62990 | Depths:5 | Killed a juggernaut
 63124 | Depths:5 | Received a gift from Okawaru
 63159 | Depths:5 | Got a steaming broad axe {god gift}
 63160 | Depths:5 | Identified the +2 broad axe of the Goat {antimagic, -Tele Str+5 Dex+4} (Okawaru gifted it to you on level 5 of the Depths)
 63174 | Depths:5 | Got a translucent whip {slash}
 63591 | D:15     | Identified the cursed +0 whip of Nassunuf {slash, rF+ rC+ Stlth+} (You took it off a yaktaur captain on level 5 of the Depths)
 63822 | Elf:1    | Entered Level 1 of the Elven Halls
 64009 | Elf:1    | Identified Qasmokuy's Volume of Unholy Rites
 64083 | Elf:1    | Found a ruined gateway.
 64085 | Elf:1    | Found a glowing silver altar of Zin.
 64085 | Elf:1    | Found a white marble altar of Elyvilon.
 64110 | Elf:1    | Found a glowing golden altar of the Shining One.
 64118 | Desolati | Entered the Desolation of Salt
 64266 | Desolati | Received a gift from Okawaru
 64661 | Desolati | Got a faintly glowing brass ring
 64662 | Desolati | Identified the ring "Awoju" {rF++ rN+} (You found it in the Desolation of Salt)
 64820 | Desolati | Got a flickering pewter amulet
 64821 | Desolati | Identified the amulet "Wyddem" {Gourm Dex+2} (You found it in the Desolation of Salt)
 65050 | Desolati | Identified Sif Muna's Collected Works on Fiery Transmigration
 66035 | Elf:2    | Found a runed gate.
 66035 | Elf:2    | Found a runed gate.
 66431 | Elf:2    | Found Hest's Distillery.
 66434 | Elf:2    | Bought a potion of haste for 180 gold pieces
 66434 | Elf:2    | Bought a potion of cancellation for 144 gold pieces
 66434 | Elf:2    | Bought a potion of heal wounds for 90 gold pieces
 66434 | Elf:2    | Bought a potion of resistance for 180 gold pieces
 66434 | Elf:2    | Bought a potion of berserk rage for 90 gold pieces
 66434 | Elf:2    | Bought 2 potions of agility for 144 gold pieces
 66434 | Elf:2    | Bought a potion of curing for 54 gold pieces
 66434 | Elf:2    | Bought a potion of heal wounds for 90 gold pieces
 66434 | Elf:2    | Bought a potion of haste for 180 gold pieces
 66616 | Elf:2    | Found a runed gate.
 66889 | Elf:2    | Reached skill level 26 in Axes
 67071 | Elf:2    | Reached XP level 25. HP: 221/228 MP: 38/38
 67204 | Elf:3    | Entered Level 3 of the Elven Halls
 67224 | Elf:3    | Received a gift from Okawaru
 67266 | Elf:3    | Identified Ipsin's Tome of Summoning
 68232 | Elf:3    | Received a gift from Okawaru
 68837 | Elf:3    | Identified the Collected Works on Frigorific Unholy Arts
 68896 | Elf:3    | Got a bloodstained whip
 68897 | Elf:3    | Identified the +4 whip of Boebb {venom, rN++ MR+ Dex+4} (You found it on level 3 of the Elven Halls)
 69542 | D:15     | Lost mutation: You are dopey. (Int -2) [potion of cure mutation]
 69542 | D:15     | Lost mutation: You have large cloven feet. [potion of cure mutation]
 69819 | Crypt:1  | Entered Level 1 of the Crypt
 70275 | Crypt:1  | Noticed Boris
 70290 | Crypt:1  | Killed Boris
 71124 | Crypt:2  | Received a gift from Okawaru
 72278 | Crypt:3  | Entered Level 3 of the Crypt
 72396 | Crypt:3  | Reached skill level 27 in Axes
 72493 | Crypt:3  | Reached XP level 26. HP: 220/239 MP: 39/39
 72570 | Crypt:3  | Noticed Bai Suzhen
 72581 | Crypt:3  | Killed Bai Suzhen
 72691 | Crypt:3  | Found a staircase to the Tomb.
 72765 | Crypt:3  | Found a basalt altar of Yredelemnul.
 72923 | Crypt:3  | Found a basalt altar of Yredelemnul.
 72964 | Crypt:3  | Noticed an ancient lich
 72973 | Crypt:3  | Received a gift from Okawaru
 72984 | Crypt:3  | Killed an ancient lich
 73024 | Crypt:3  | Learned a level 8 spell: Necromutation
 73031 | Crypt:3  | Identified the Catalogue of Fire
 73036 | Crypt:3  | Got a pair of shimmering gloves
 73037 | Crypt:3  | Identified the +2 pair of gloves of Immorality {Dex+5} (You found it on level 3 of the Crypt)
 74155 | Zot:1    | Entered Level 1 of the Realm of Zot
 74944 | Zot:1    | Received a gift from Okawaru
 75393 | Zot:2    | Reached XP level 27. HP: 250/250 MP: 39/39
 76397 | Zot:3    | Received a gift from Okawaru
 77279 | Zot:4    | Received a gift from Okawaru
 77693 | Zot:5    | Entered Level 5 of the Realm of Zot
 77749 | Zot:5    | Noticed onono's ghost (veteran SpEn)
 77765 | Zot:5    | Killed onono's ghost
 78327 | Zot:5    | Noticed an ancient lich
 78346 | Zot:5    | Noticed an ancient lich
 78352 | Zot:5    | Killed an ancient lich
 78352 | Zot:5    | Received a gift from Okawaru
 78356 | Zot:5    | Killed an ancient lich
 78494 | Zot:5    | Noticed an orb of fire
 78495 | Zot:5    | Gained mutation: You occasionally shout uncontrollably at your foes. [an orb of fire]
 78499 | Zot:5    | Noticed an orb of fire
 78500 | Zot:5    | Gained mutation: Your spells are a little easier to cast, but a little less powerful. [an orb of fire]
 78505 | Zot:5    | Killed an orb of fire
 78518 | Zot:5    | Killed an orb of fire
 78520 | Zot:5    | Noticed an orb of fire
 78529 | Zot:5    | Gained mutation: You are robust. (+10% HP) [an orb of fire]
 78535 | Zot:5    | Killed an orb of fire
 78576 | Zot:5    | Noticed an ancient lich
 78590 | Zot:5    | Killed an ancient lich
 78652 | Zot:5    | Received a gift from Okawaru
 78986 | Zot:5    | Noticed an ancient lich
 78995 | Zot:5    | Killed an ancient lich
 79266 | Zot:5    | Noticed an orb of fire
 79273 | Zot:5    | Lost mutation: You are robust. (+10% HP) [an orb of fire]
 79290 | Zot:5    | Reached skill level 15 in Spellcasting
 79304 | Zot:5    | Killed an orb of fire
 79411 | Zot:5    | Received a gift from Okawaru
 79440 | Zot:5    | Noticed an ancient lich
 79453 | Zot:5    | Killed an ancient lich
 79956 | Zig:1    | Entered Level 1 of a ziggurat
 79977 | Zig:2    | Entered Level 2 of a ziggurat
 80016 | Zig:3    | Entered Level 3 of a ziggurat
 80046 | Zig:4    | Entered Level 4 of a ziggurat
 80425 | Zig:5    | Entered Level 5 of a ziggurat
 80483 | Zig:6    | Entered Level 6 of a ziggurat
 80488 | Zig:6    | Noticed Gamusas the pandemonium lord
 80509 | Zig:6    | Killed Gamusas the pandemonium lord
 80580 | Zig:6    | Got an encrusted lajatang
 80582 | Zig:7    | Entered Level 7 of a ziggurat
 80637 | Zig:7    | Got a flickering bone ring
 80638 | Zig:7    | Identified the ring "Uneraam" {rF+ Stlth+} (You found it on level 7 of a ziggurat)
 80639 | Zig:7    | Identified the +10 lajatang of Defenestration {pain, *Noise rC+ Dex+5} (You found it on level 6 of a ziggurat)
 80653 | Zig:8    | Entered Level 8 of a ziggurat
 80699 | Zig:8    | Got a scintillating brass ring
 80700 | Zig:8    | Identified the ring "Cismiz" {Dex+3 Stlth-} (You found it on level 8 of a ziggurat)
 80719 | Zig:9    | Entered Level 9 of a ziggurat
 80908 | Zig:10   | Entered Level 10 of a ziggurat
 81182 | Zig:10   | Identified the Compendium of Beguiling
 81210 | Zig:11   | Entered Level 11 of a ziggurat
 81486 | Zig:11   | Received a gift from Okawaru
 81649 | Zig:11   | Got a pair of ichor-stained gloves
 81660 | Zig:11   | Identified the +0 pair of gloves "Hupsiz" {rCorr Int+3} (You acquired it on level 11 of a ziggurat)
 81671 | Zig:11   | Got an ancient copper ring
 81672 | Zig:11   | Identified the ring "Siujoaf" {Fire Str+5 Stlth+} (You found it on level 11 of a ziggurat)
 81683 | Zig:11   | Got jade-encrusted ice dragon scales
 81684 | Zig:11   | Identified the +2 ice dragon scales of Qodaosas {+Blink rElec rF- rC++ MR- Int+7} (You found it on level 11 of a ziggurat)
 81689 | Zig:12   | Entered Level 12 of a ziggurat
 81952 | Zig:12   | Identified the Disquisition on Glacial Summoning
 81965 | Zig:12   | Identified the Collected Works on Hexes
 81979 | Zig:13   | Entered Level 13 of a ziggurat
 81996 | Zig:13   | Noticed Lattyod the pandemonium lord
 82006 | Zig:13   | Killed from afar by Lattyod the pandemonium lord

Vault maps used:
D:1:      kennysheep_arrival_forest
D:2:      first_bread, kennysheep_generic_room_4
D:3:      uniq_jessica
D:4:      minmay_misc_feat_pillars, serial_park_tiny_2
D:5:      old_standard_altar, kennysheep_mini_moat
D:6:      chequers_temple_overflow_minitemple, serial_shops, shop
D:7:      slow_altar_2, cheibrodos_ashenzari_chains
D:8:      kennysheep_ambush_hall, gammafunk_temple_overflow_pools,
          erik_lair_dragon, uniq_joseph
D:9:      zin_statuary, uniq_maurice
D:11:     david_orc_2
D:13:     david_vaults_5, hangedman_ranch, okawaru_ov_weapons_minmay,
          uniq_rupert
D:14:     basic_altar, minivault_27
D:15:     grunt_enter_depths_snipers, serial_park_square3, serial_bayou_pond_d,
          fedhas_altar_fruit_tree, uniq_nessos
Temple:   nicolae_temple_figure_eight
Lair:1:   serial_bayou_lagoon_b, uniq_grum
Lair:2:   minmay_swamp_entry_reptiles, grunt_megastairs_2
Lair:3:   beast_lair_carwin_4
Lair:4:   guppyfry_snake_entry_island, enter_volcano_4, beast_lair_carwin_9
Lair:5:   bh_autumn_forest_stairs, lemuel_fruit_tree
Lair:6:   due_jungle_book, slime_altar_1, infiniplex_staircase_pool,
          serial_bayou_shore_a
Swamp:1:  hangedman_swamp_blocks, swamp_pool4, infiniplex_staircase_pool_2
Swamp:2:  nicolae_swamp_phyte_club, evilmike_swamp_ruin_rubble_1, swamp_pool4
Swamp:3:  nicolae_swamp_godswood
Swamp:4:  swamp_vile
Snake:1:  portal_ice_cave_entry_ugly_swarm, nicolae_snake_single_loop,
          uniq_aizul, uniq_asterion, uniq_donald
Snake:2:  basic_stair_grate_trap, serial_bayou_shore_b, uniq_roxanne
Snake:3:  serial_shops, nicolae_shop_trees
Snake:4:  snake_pit_salamanders_mu, serial_shops, nicolae_shop_crystal
Orc:1:    serial_shops, shop, uniq_erica, uniq_nergalle, uniq_urug
Orc:2:    st_orc_ogre_mass
Elf:1:    minmay_elf_arrival_plus, portal_desolation_entry_holy_temple,
          minmay_elf_necromancy, minmay_misc_feat_ornament,
          kilobyte_rumbling_trees
Elf:2:    serial_shops, nicolae_shop_behind_doors, grunt_ministairs_9,
          minivault_28
Elf:3:    minmay_elf_hall_hex, minmay_elf_demonology
Vaults:1: hangedman_vaults_hat, v_pattern_4, nicolae_vaults_circle_grid_b,
          hangedman_vaults_stagger, v_rooms_6, vaults_mumra_chevron, v_misc_24,
          ontoclasm_vaults_chip, nicolae_vaults_yaktaur_gun_rack,
          grunt_vaults_focal, serial_shops, shop
Vaults:2: v_misc_1, v_alt_pattern_6, v_misc_22, grunt_vaults_funnel, v_misc_25,
          nicolae_vaults_murderbox, grunt_vaults_hallway_short,
          nicolae_vaults_circle_grid_b, nicolae_vaults_little_squares_6,
          vaults_dpeg_hooks, vaults_room_large_hall, hangedman_vaults_slice
Vaults:3: minmay_crypt_entry_nasty_monster, ontoclasm_vaults_hangar,
          vaults_mumra_hex, grunt_vaults_hallway_long, vaults_room_fancy_cross,
          vaults_dpeg_spiral, hangedman_vaults_capsules,
          nicolae_vaults_diagonal_hallway_7, nicolae_trove_entry_diagonal
Vaults:4: ontoclasm_vaults_twist, hangedman_vaults_river_flow,
          ontoclasm_vaults_loading_screen, nicolae_vaults_angled_halls,
          v_misc_12, vaults_dpeg_ring, nicolae_vaults_three_branches,
          serial_glass
Vaults:5: serial_shops
Crypt:1:  small_chamber_with_monster, grunt_ministairs_12,
          grunt_crypt_arrival_webbed, uniq_boris
Crypt:3:  church_of_pain_bobbens,
          nicolae_tomb_entry_unfolded_pyramid_orthogonal, basic_altar,
          uniq_bai_suzhen
Depths:1: grunt_decor_mini_mirrors, pf_coc_iceberg, evilmike_ambush,
          firewood_loft, minmay_shoptagon
Depths:2: minmay_glassy_protrusions, hell_entry, serial_sigils,
          serial_sigils_hangedman_quiver, serial_sigils_hangedman_scratch,
          serial_sigils_hangedman_shear, serial_sigils_hangedman_scar,
          old_standard_altar
Depths:3: kennysheep_gozag_temple, enter_ziggurat_b, pan_entry,
          bh_walls_and_bars, hell_entry, abyss_entry_flame_altar,
          infiniplex_staircase_zigzag_3, uniq_enchantress
Depths:4: gold_lair_mu, grunt_metal_band, abyss_entry_crystal
Depths:5: grunt_zot_entry_hairpin, pf_hell_entry_tar_river, uniq_boris
Zot:1:    lemuel_baited_zot_trap
Zot:4:    lemuel_draconian_sentries_small
Zot:5:    grunt_ministairs_9
Zig:11:   ziggurat_pillar_centre_c
Trove:    trove_hunter_1
Volcano:  volcano_overflow

Skill      XL: |  1  2  3  4  5  6  7  8  9 10 11 12 13 14 15 16 17 18 19 20 21 22 23 24 25 26 27 |
---------------+----------------------------------------------------------------------------------+-----
Armour         | 4 5 6 7 8 10 11 12 13 14 15 16 17 18 19 20 21 24 | 24.2
Shields        | 4 5 6 7 8 10 11 12 13 14 15 16 17 18 19 20 21 24 | 24.4
Axes           | 3 4 6 7 9 10 12 13 14 15 16 18 19 20 21 22 23 24 25 26 27 | 27.0
Fighting       | 4 5 6 7 8 10 11 12 13 14 15 16 17 18 19 20 21 23 | 23.8
Dodging        | 1 2 3 4 5 6 7 8 9 11 12 14 15 16 17 18 19 20 21 23 | 23.8
Spellcasting   | 1 2 3 4 5 6 7 8 9 10 11 12 13 15 | 15.5
Invocations    | 3 4 6 |  6.6
Evocations     | 2 4 5 6 |  6.0

Action                   |  1- 3 |  4- 6 |  7- 9 | 10-12 | 13-15 | 16-18 | 19-21 | 22-24 | 25-27 || total
-------------------------+-------+-------+-------+-------+-------+-------+-------+-------+-------++-------
Melee: War axe           |    81 |   127 |   389 |   170 |       |       |   611 |       |       ||  1378
       Headbutt          |     8 |    19 |    67 |   115 |   268 |   336 |   364 |   502 |   680 ||  2359
       Broad axe         |       |       |       |   367 |  1243 |    57 |   667 |  1631 |  2261 ||  6226
       Trident           |       |       |       |    10 |       |       |       |       |       ||    10
       Scimitar          |       |       |       |    13 |    18 |       |       |       |       ||    31
       Battleaxe         |       |       |       |       |     6 |  1255 |       |       |       ||  1261
Throw: Throwing net      |       |       |       |       |       |       |     1 |       |       ||     1
 Cast: Apportation       |       |       |       |       |       |       |       |       |     2 ||     2
Invok: Heroism           |       |       |       |     1 |     3 |     3 |     3 |     5 |    17 ||    32
       Finesse           |       |       |       |       |     3 |     4 |     4 |     8 |    18 ||    37
 Abil: Evoke Berserk Rag |       |       |       |       |     1 |       |       |       |       ||     1
       Evoke Invisibilit |       |       |       |       |       |     1 |     1 |       |     1 ||     3
       Stop Flying       |       |       |       |       |       |       |     1 |     3 |     1 ||     5
       Evoke Flight      |       |       |       |       |       |       |       |     3 |     1 ||     4
Evoke: Wand              |       |       |       |    10 |    15 |     6 |     2 |       |     5 ||    38
  Use: Scroll            |     1 |     4 |     8 |    14 |    19 |    13 |    13 |    25 |    28 ||   125
       Potion            |       |       |     1 |     4 |    11 |    22 |     7 |     4 |    21 ||    70
 Stab: Distracted        |       |       |       |       |     1 |       |       |     1 |       ||     2
       Invisible         |       |       |       |       |       |    19 |     4 |       |    18 ||    41
       Confused          |       |       |       |       |       |       |       |       |     1 ||     1
  Eat: Chunk             |     2 |    15 |    22 |    31 |    53 |    54 |    33 |    26 |    11 ||   247
       Beef jerky        |       |       |       |       |       |     2 |       |       |    10 ||    12
       Fruit             |       |       |       |       |       |       |       |     8 |       ||     8
       Royal jelly       |       |       |       |       |       |       |       |     1 |     4 ||     5
       Pizza             |       |       |       |       |       |       |       |       |     6 ||     6
       Bread ration      |       |       |       |       |       |       |       |       |     2 ||     2
Armor: Scale mail        |    39 |     6 |       |       |       |       |       |       |       ||    45
       Chain mail        |       |    75 |   189 |   136 |       |       |       |       |       ||   400
       Plate armour      |       |       |       |   200 |   566 |   958 |   347 |    94 |    12 ||  2177
       Gold dragon scale |       |       |       |       |       |       |    84 |   372 |   473 ||   929
Dodge: Dodged            |    35 |    46 |   104 |   219 |   337 |   834 |   377 |   417 |   993 ||  3362
Block: Shield            |    40 |    84 |   232 |   403 |   796 |    32 |   739 |    24 |  1343 ||  3693
       Large shield      |       |       |       |       |       |       |       |  1480 |   174 ||  1654
       Rpst.: Scimitar   |       |       |       |     1 |       |       |       |       |       ||     1
